 Dungeon Crawl Stone Soup version 0.25.0-11-g1f837a76a1 (webtiles) character file.

Game seed: 5899369302832989645

9 Flugkiller the Grave Robber (level 2, -1/22 HPs)
             Began as a Deep Dwarf Necromancer on June 26, 2020.
             Slain by an orc
             ... wielding a +0 hand axe
              (5 damage)
             ... on level 2 of the Dungeon.
             The game lasted 00:00:45 (215 turns).

Flugkiller the Grave Robber (Deep Dwarf Necromancer) Turns: 215, Time: 00:00:45

Health: -1/22      AC:  2    Str: 11    XL:     2   Next: 6%
Magic:  3/5        EV: 12    Int: 15    God:
Gold:   45         SH:  0    Dex: 13    Spells: 4/5 levels left

rFire    . . .     SeeInvis .   d - +0 dagger
rCold    . . .     Gourm    .   (no shield)
rNeg     . . .     Faith    .   a - +0 robe
rPois    .         Spirit   .   (no helmet)
rElec    .         Reflect  .   (no cloak)
rCorr    .         Harm     .   (no gloves)
MR       .....                  (no boots)
Stlth    ++........             (no amulet)
HPRegen  0.00/turn              (no ring)
MPRegen  0.09/turn              (no ring)

@: non-regenerating
A: damage resistance, heal wounds, sense surroundings 1, no regeneration
a: Heal Wounds


You were on level 2 of the Dungeon.
You were not hungry.

You visited 1 branch of the dungeon, and saw 2 of its levels.

You collected 45 gold pieces.

Inventory:

Hand Weapons
 d - a +0 dagger (weapon)
   (You took it off a kobold on level 1 of the Dungeon)
Armour
 a - a +0 robe (worn)
Scrolls
 e - a scroll of fear {unknown}
Potions
 b - a potion of heal wounds {unknown}
 f - a potion of lignification {unknown}
Comestibles
 c - a ration
 g - 9 chunks of flesh


   Skills:
 - Level 2.1 Dodging
 - Level 2.4 Stealth
 + Level 2.1 Spellcasting
 + Level 4.6 Necromancy


You had 4 spell levels left.
You knew the following spells:

 Your Spells              Type           Power        Failure   Level  Hunger
a - Pain                  Necr           ###.         3%          1    #......

Your spell library contained the following spells:

 Spells                   Type           Power        Failure   Level  Hunger
 Animate Skeleton         Necr           N/A          3%          1    #......
 Vampiric Draining        Necr           ###.......   10%         3    ###....
 Animate Dead             Necr           N/A          32%         4    #####..
 Agony                    Necr           ###.....     65%         5    ######.


Dungeon Overview and Level Annotations

Branches:
Dungeon (2/15)

Altars:


Innate Abilities, Weirdness & Mutations

You are resistant to damage.
You can heal yourself by infusing magical energy.
You passively map a small area around you.
You do not regenerate.


Message History

Things that are here:
a cursed +0 whip; a +0 leather armour; an orc skeleton You see here a hobgoblin skeleton.
You see here a +0 dagger.
You see here 10 stones.
You see here 19 stones.
You now have 41 gold pieces (gained 11).
An orc comes into view. It is wielding a +0 hand axe.
An orc is nearby!
You now have 45 gold pieces (gained 4).
There are no items here.
The orc shouts!
Casting: Pain (safe; 3% risk of failure)
Confirm with . or Enter, or press ? or * to list all spells.
Aiming: Pain (safe; 3% risk of failure)
Press: ? - help, Shift-Dir - straight line, f - orc
Aim: an orc, wielding a +0 hand axe (chance to defeat MR: 85%)
The orc writhes in agony.
Casting: Pain (safe; 3% risk of failure)
Confirm with . or Enter, or press ? or * to list all spells.
Aiming: Pain (safe; 3% risk of failure)
Press: ? - help, Shift-Dir - straight line, f/p - orc
Aim: an orc, wielding a +0 hand axe (lightly wounded, chance to defeat MR: 85%)
The orc barely resists.
The orc hits you with a +0 hand axe.
* * * LOW HITPOINT WARNING * * *
You barely miss the orc.
The orc is lightly wounded.
The orc misses you.
You hit the orc.
The orc is moderately wounded.
The orc barely misses you.
Unknown command.
You closely miss the orc.
The orc is moderately wounded.
The orc barely misses you.
You fail to use your ability.
The orc completely misses you.
You hit the orc but do no damage.
The orc is moderately wounded.
You barely miss the orc.
The orc is moderately wounded.
The orc hits you with a +0 hand axe.
* * * LOW HITPOINT WARNING * * *
You hit the orc.
The orc is heavily wounded.
The orc hits you with a +0 hand axe.
* * * LOW HITPOINT WARNING * * *
You barely miss the orc.
The orc is heavily wounded.
The orc hits you with a +0 hand axe!
You die...

#........ ,
##<.#* ## *
#)÷.# .# *# *
#.÷.# .##*.#
#..)####.. #.#
#...##..###.#
, *
#.#.#......#,
,,
#...#..8#8.##
, , *
##....((...@#*
* #..#..###.o#
##.#.###.#..#
, , *#.###
####... , ,
..# ##.# , ...
, , , .#*
#.##,* * # #.
*


You could see an orc.

Vanquished Creatures
  An orc (D:2)
  A giant cockroach (D:1)
  2 goblins (D:2)
  2 hobgoblins (D:2)
  A kobold (D:1)
7 creatures vanquished.

Notes
Turn   | Place    | Note
-------+----------+-------------------------------------------
     0 | D:1      | Flugkiller the Deep Dwarf Necromancer began the quest for
                  | the Orb.
     0 | D:1      | Reached XP level 1. HP: 15/15 MP: 3/3
   133 | D:2      | Reached XP level 2. HP: 10/22 MP: 1/5
   215 | D:2      | Slain by an orc

Illustrated notes

Levels and vault maps discovered:
D:1:      evilmike_arrival_plus, layout_basic
D:2:      layout_loops_corners, eat_drink_and_be_merry_uskayaw, first_ration,
          guppyfry_early_orc_mine

Skill      XL: |  1 |
---------------+----+-----
Spellcasting   | 2 |  2.1
Dodging        | |  2.1
Stealth        | |  2.4
Necromancy     | |  4.6

Action                   || total
-------------------------++-------
Melee: Dagger            ||    33
 Cast: Pain              ||     9
Armor: Robe              ||     4
Dodge: Dodged            ||    23
